← All builds
Suicide front / Armada / Factory first / OBSERVED BUILD

Standard suicide front

The role's default: factory first (mostly Bot Lab), pushing Rocketeer-led bot play into the middle to contest and hold the front, with an Advanced Metal Extractor around 9:36 as the natural transition.

Usually lab first (63%)

#raid #push · 1289 distinct matches · 127 players · 71% of Armada Suicide front games · team won 59% of 1527 · Recently observed

HOW TO PLAY IT

Key timing: Bot Lab by 0:20

  1. Open with mex and wind, drop Bot Lab immediately.
  2. Push out first "Centurion" as Pond's boost lands.
  3. Send "Rocketeer", "Centurion", "Pawn" mix to contest middle.
  4. Add Dragon's Teeth and Sentries to hold the line.
  5. Get Advanced Metal Extractor up as T2 nears.

Phase by phase

TYPICAL OF ITS 1289 GAMES
  1. 1
  2. 2
  3. 3
PLAY THE OPENING

Follow the example game's first 6:00 step by step: what to build now, what comes next, and where it goes. At 1× it keeps pace with your own game.

  1. 1

    Bot Lab first

    Order
    1. Bot LabBot Lab done ~0:20, middle half 0:20–0:33

    Some games also: mex (36%)

  2. 2

    Bot Lab to 5:00

    Economy
    • Metal Extractor5Mex
    • Wind Turbine4Wind
    Builders
    • Construction Bot3 Con bot
    • Lazarus2 Lazarus
    Army
    • Sentry4 Sentry
    • Rocketeer17 Rocketeer
    • Tick2 Tick
    • Centurion1 Centurion
    Other
    • Radar Tower1 Radar Tower

    Some games also: con turret (35%) · pawn (32%)

    By 5:00 in all: 5 mex · 4 wind

    The example game in this phase · 40 steps
    1. TickTick ×2
    2. LazarusLazarus
    3. Construction BotCon bot ×2
    4. SentrySentry
    5. LazarusLazarus
    6. Mex ×2
    7. CenturionCenturion
    8. Mex
    9. BeamerBeamer
    10. Construction BotCon bot
    11. Mex
    12. LazarusLazarus
    13. BeamerBeamer
    14. Construction BotCon bot
    15. Wind
    16. Mex
    17. Radar TowerRadar Tower
    18. Wind
    19. CenturionCenturion
    20. Wind
    21. BeamerBeamer
    22. Con turret
    23. Wind
    24. Mex
    25. RocketeerRocketeer
    26. Mex
    27. Wind
    28. RocketeerRocketeer
    29. Wind ×2
    30. RocketeerRocketeer
    31. SentrySentry
    32. Energy storage
    33. RocketeerRocketeer ×2
    34. TickTick
    35. LazarusLazarus
    36. CenturionCenturion
    37. Con turret
    38. RocketeerRocketeer
    39. Sneaky PeteSneaky Pete
    40. RocketeerRocketeer ×3
  3. 3

    5:00 to 10:00

    Economy
    • Metal Extractor1Mex
    • Wind Turbine17Wind
    Builders
    • Construction Turret2 Con turret
    • Lazarus2 Lazarus
    • Construction Bot1 Con bot
    Army
    • Sentry1 Sentry
    • Rocketeer8 Rocketeer
    • Pawn1 Pawn

    Some games also: tick (47%) · energy storage (46%) · Radar Tower (46%) · centurion (45%) · Beamer (39%)

    By 10:00 in all: 6 mex · 23 wind · 1 energy storage · 3 con turret

    The example game in this phase · 154 steps
    1. RocketeerRocketeer
    2. Con turret
    3. TickTick
    4. LazarusLazarus
    5. CenturionCenturion
    6. Wind ×3
    7. GauntletGauntletdone 7:08
    8. Wind
    9. RocketeerRocketeer
    10. Converter
    11. SentrySentry
    12. Wind ×3
    13. RocketeerRocketeer
    14. Wind
    15. Dragon's TeethDragon's Teeth
    16. Wind
    17. Dragon's TeethDragon's Teeth
    18. RocketeerRocketeer
    19. Dragon's TeethDragon's Teeth ×2
    20. Converter
    21. Dragon's TeethDragon's Teeth
    22. RocketeerRocketeer
    23. Con turret
    24. Dragon's TeethDragon's Teeth
    25. Wind
    26. Dragon's TeethDragon's Teeth ×3
    27. Wind ×2
    28. RocketeerRocketeer
    29. Wind
    30. Vehicle PlantVehicle Plantdone 8:42
    31. TickTick
    32. Converter
    33. LazarusLazarus
    34. Con turret
    35. AnemoneAnemone
    36. Wind ×2
    37. CenturionCenturion
    38. TickTick
    39. LazarusLazarus
    40. Wind ×2
    41. Converter
    42. PawnPawn
    43. Wind
    44. PawnPawn
    45. AnemoneAnemone
    46. Wind
    47. PawnPawn
    48. Wind ×2
    49. PawnPawn
    50. Converter
    51. PawnPawn ×2
    52. Mex
    53. LazarusLazarus
    54. Wind
    55. TickTick
    56. Wind
    57. TickTick ×2
    58. Wind
    59. TickTick ×2
    60. Wind
    61. TickTick ×2
    62. Mex
    63. TickTick
    64. Converter
    65. BeamerBeamer
    66. TickTick
    67. BlitzBlitz
    68. Wind
    69. TickTick ×2
    70. Mex
    71. Wind
    72. TickTick ×3
    73. BlitzBlitz
    74. TickTick ×3
    75. Advanced Metal ExtractorT2 mexdone 10:25 · typical 9:36
    76. Wind
    77. TickTick
    78. Wind
    79. TickTick ×2
    80. Converter
    81. TickTick
    82. Wind
    83. TickTick ×2
    84. Wind
    85. TickTick
    86. BlitzBlitz
    87. TickTick
    88. Wind
    89. TickTick ×2
    90. Wind
    91. TickTick
    92. Converter
    93. TickTick ×2
    94. Wind
    95. TickTick ×2
    96. BlitzBlitz
    97. Wind
    98. TickTick ×2
    99. Advanced Metal ExtractorT2 mex
    100. TickTick
    101. BlitzBlitz
    102. Wind
    103. TickTick
    104. Wind
    105. TickTick
    106. Wind
    107. Converter
    108. TickTick
    109. BlitzBlitz
    110. Wind
    111. TickTick
    112. Wind
    113. TickTick ×2
    114. Advanced Metal ExtractorT2 mex
    115. Wind
    116. TickTick
    117. Wind
    118. LazarusLazarus
    119. Wind ×4
    120. LazarusLazarus
    121. RattlesnakeRattlesnakedone 12:27
    122. Wind
    123. LazarusLazarus
    124. Converter
    125. Wind
    126. Dragon's TeethDragon's Teeth
    127. Wind
    128. Dragon's TeethDragon's Teeth ×3
    129. Wind
    130. Dragon's TeethDragon's Teeth ×2
    131. LazarusLazarus
    132. Wind
    133. Dragon's TeethDragon's Teeth
    134. Wind
    135. Converter
    136. Dragon's TeethDragon's Teeth
    137. Wind ×3
    138. LazarusLazarus
    139. Wind ×2
    140. LazarusLazarus ×5
    141. Converter
    142. Wind
    143. Pit BullPit Bull
    144. Wind ×4
    145. Converter
    146. Wind
    147. BeamerBeamer
    148. Wind
    149. BeamerBeamer
    150. Wind ×2
    151. BeamerBeamer
    152. Sneaky PeteSneaky Pete
    153. Wind
    154. BeamerBeamer

Counts are medians over the build's games: half of them build more, half fewer. The example game is Soliloqueur's (40 OS, 27/09/2026); pick another.

Team trades

IN AT LEAST 30% OF ITS GAMES

You hand over

Nothing regular.

You get

  • Tidal Generator4 Tidal from Pondfirst at 0:10 · in 69% of games
  • Advanced Construction Bot1 T2 con bot from Geo or Techfirst at 7:31 · in 59% of games

How it plays out

Typical game of this build, running totals by minute

Metal produced

010k20k30k
0:005:0010:0015:00

metal

Enemy metal destroyed

05k10k
0:005:0010:0015:00

metal

Own metal lost

05k10k
0:005:0010:0015:00

metal

1527 games.

Show as table
ByMetal produced: This buildEnemy metal destroyed: This buildOwn metal lost: This build
1:0022600
2:0088800
3:002050179106
4:003161658496
5:00424314121026
6:00543322971789
7:00667031752710
8:00792040293619
9:00931747894495
10:001069754225316
11:001226558996054
12:001411464906830
13:001623070097536
14:001811476808373
15:002046683169249
WHAT THE NUMBERS SAY

Standard suicide front play wins slightly more than half its games with fast kills but also fast losses, matching the raw grind of the role.

  • + First kill lands by 2:04 in all games
  • + Metal produced reaches 19882 by 15:00
  • − Own metal lost hits 9208 by 15:00, near metal destroyed of 8172
  • − First unit lost as early as 2:08 in every game
THE EXAMPLE YOU ARE READING

Soliloqueur

39.7 OS · 27/09/2026

Open source match ↗

10 received units · includes a constructor
303 metal received · 28101 energy received

Allied construction assistance is unknown. Timings are observations, not a promise of solo reproducibility.

Typical milestones

Bot Lab0:20Middle 50%: 0:20–0:33 · n=1520
Advanced Metal Extractor9:36Middle 50%: 8:41–10:48 · n=1126

Played most by

_X_253games of this buildPlatinumBlonde181games of this buildXad120games of this buildImmort73games of this buildwatermeloans58games of this build